 Dungeon Crawl Stone Soup version 0.28-a0-983-g1de4e0787c (webtiles) character file.

Game seed: 4245216166085718214

55 Htamos the Grave Robber (level 3, 0/26 HPs)
             Began as a Mummy Necromancer on Dec 3, 2021.
             Slain by an orc priest (3 damage)
             ... on level 3 of the Dungeon.
             The game lasted 00:03:30 (1520 turns).

Htamos the Grave Robber (Mummy Necromancer)         Turns: 1520, Time: 00:03:31

Health: 0/26       AC:  2    Str: 11    XL:     3   Next: 67%
Magic:  0/8        EV: 12    Int: 14    God:
Gold:   97         SH:  0    Dex: 14    Spells: 8/9 levels left

rFire   x . .      SeeInvis .   e - +0 dagger
rCold   + . .      Faith    .   (no shield)
rNeg    + + +      Spirit   .   a - +0 robe
rPois   ∞          Reflect  .   (no helmet)
rElec   .          Harm     .   c - scarf {repulsion}
rCorr   .          Rampage  .   (no gloves)
Will    .....                   (no boots)
Stlth   ++........              (no amulet)
HPRegen 0.08/turn               (no ring)
MPRegen 0.11/turn               (no ring)

@: studying Staves, repel missiles
A: cold resistance 1, negative energy resistance 3, torment resistance 2, heat
vulnerability 1, no potions
a: no special abilities


You were on level 3 of the Dungeon.
You visited 1 branch of the dungeon, and saw 3 of its levels.

You collected 97 gold pieces.

Inventory:

Hand Weapons
 e - a +0 dagger (weapon)
Armour
 a - a +0 robe (worn)
 c - a scarf of repulsion (worn)
Magical Staves
 d - a staff of death
Jewellery
 b - a ring of protection from fire
 h - a ring of flight


   Skills:
 * Level 1.4 Fighting
 + Level 2.0 Dodging
 - Level 1.7 Stealth
 * Level 3.6 Spellcasting
 + Level 4.2 Necromancy


You had 8 spell levels left.
You knew the following spells:

 Your Spells              Type           Power      Damage    Failure   Level
a - Pain                  Necr           56%        1d6       3%          1

Your spell library contained the following spells:

 Spells                   Type           Power      Damage    Failure   Level
 Animate Skeleton         Necr           28%        N/A       3%          1
 Vampiric Draining        Necr           14%        2d7       11%         3
 Animate Dead             Necr           7%         N/A       34%         4
 Agony                    Necr           14%        N/A       67%         5


Dungeon Overview and Level Annotations

Branches:
Dungeon (3/15)

Altars:

Annotations:
D:2 Sigmund


Innate Abilities, Weirdness & Mutations

You are immune to poison.
Your flesh is cold resistant. (rC+)
You are immune to negative energy. (rN+++)
You are immune to unholy pain and torment.
You are vulnerable to heat. (rF-)
You do not drink.


Message History

The orc priest completely misses you.
The orc priest shouts!
You hit the orc priest.
The orc priest is almost dead.
The orc priest miscasts a cantrip.
You hit the orc priest but do no damage.
The orc priest is almost dead.
The orc priest casts a cantrip, but nothing happens.
You hit the orc priest.
The orc priest is almost dead.
The orc priest miscasts a cantrip.
You hit the orc priest but do no damage.
The orc priest is almost dead.
The orc priest casts a cantrip, but nothing happens.
The orc priest barely misses you.
Unknown command.
Casting: Pain (safe; 3% risk of failure)
Confirm with . or Enter, or press ? or * to list all spells.
Aiming: Pain (safe; 3% risk of failure)
Press: ? - help, Shift-Dir - straight line, f/p - orc priest
Aim: an orc priest, wielding a +0 dagger (almost dead, chance to affect: 72%)
The orc priest writhes in agony.
You kill the orc priest!
* * * LOW MAGIC WARNING * * *
Your Fighting skill increases to level 1!
Your Dodging skill increases to level 2!
You have reached level 3!
Your experience leads to an increase in your attributes!
Increase (S)trength, (I)ntelligence, or (D)exterity?
You feel agile. x2
There is an open door here.
You can't drink.
As you read the scroll labelled AJIM XAGOLAURU, it crumbles to dust.
It is a scroll of identify.
You don't have any unidentified items.
You close the door.
An orc priest opens the door.
You close the door.
An orc priest opens the door.
You close the door.
An orc priest breaks down the door.
The orc priest hits you with a +0 hand axe.
You die...

#..... ... #......
... #....o. #.#
#.....# #.# #...)o#
#.# #.....#
#.#######
#.....####.#.(...#.#
#.....'<##.@.......#
#.....######o....##
#..........)........
#.........o.........
#####...............
...†......#####...
...........# ..
.....$:.#...# .
........#...#


You could see an orc priest.

Vanquished Creatures
  An orc priest (D:3)
  A dart slug (D:1)
  2 orcs (D:3)
  An endoplasm (D:1)
  3 giant cockroaches
  A hobgoblin (D:1)
  2 jackals (D:1)
  4 ball pythons (D:1)
  4 bats
  A frilled lizard (D:2)
  A kobold (D:1)
  2 rats (D:1)
23 creatures vanquished.

Notes
Turn   | Place    | Note
-------+----------+-------------------------------------------
     0 | D:1      | Htamos the Mummy Necromancer began the quest for the Orb.
     0 | D:1      | Reached XP level 1. HP: 13/13 MP: 4/4
   286 | D:1      | Reached XP level 2. HP: 19/19 MP: 0/5
   685 | D:1      | Found a faded altar of an unknown god.
  1140 | D:2      | Noticed Sigmund
  1295 | D:2      | Identified a scroll of acquirement
  1295 | D:2      | Acquired a staff of death
  1507 | D:3      | HP: 1/20 [orc priest (2)]
  1514 | D:3      | Reached skill level 1 in Fighting
  1514 | D:3      | Reached XP level 3. HP: 2/26 MP: 0/8
  1520 | D:3      | Slain by an orc priest

Illustrated notes

Levels and vault maps discovered:
D:1:      nzn_arrival_crosshair, layout_loops_corners,
          ebering_ecumenical_altar_mist
D:2:      layout_rooms, uniq_terence, uniq_sigmund
D:3:      layout_basic, mainiacjoe_overflow_tiny_flanked, portal_sewer_entry_e,
          minmay_misc_feat_cross

Skill      XL: |  1  2 |
---------------+-------+-----
Spellcasting   | 3 |  3.6
Fighting       | 1 |  1.4
Dodging        | 2 |  2.0
Stealth        | |  1.7
Necromancy     | |  4.2

Action                   || total
-------------------------++-------
Melee: Dagger            ||    15
 Cast: Pain              ||    46
  Use: Scroll            ||     3
Armor: Robe              ||    11
Dodge: Dodged            ||    30

Table legend: (Time is in decaauts)
 A = Elapsed time spent in this place.
 B = Non-inter-level travel time spent in this place.
 C = Inter-level travel time spent in this place.
 D = Time resting spent in this place.
 E = Time spent auto-exploring this place.
 F = Levels seen in this place.
 G = Mean time per level.
                   A        B        C        D        E       F      G
               +--------+--------+--------+--------+--------+-----+--------+
         Total |   1519 |   1405 |    114 |    149 |   1056 |   3 |  506.3 |
       Dungeon |   1519 |   1405 |    114 |    149 |   1056 |   3 |  506.3 |
               +--------+--------+--------+--------+--------+-----+--------+

Top non-repeatable levels by time:
     D:1: 1202 daAuts
     D:3: 189 daAuts
     D:2: 127 daAuts
